 Dungeon Crawl Stone Soup version 0.30-a0-134-gb40fab5c76 (webtiles) character file.

Game seed: 13197647924699069877

32 ytrimaz the Chopper (level 3, 25/25 HPs)
             Began as a Demonspawn Gladiator on Sept 19, 2022.
             Quit the game on level 1 of the Dungeon.
             The game lasted 00:01:18 (952 turns).

ytrimaz the Chopper (Demonspawn Gladiator)           Turns: 952, Time: 00:01:19

Health: 25/25      AC:  4    Str: 16    XL:     3   Next: 8%
Magic:  3/3        EV: 12    Int:  9    God:
Gold:   48         SH:  0    Dex: 16    Spells: 2/2 levels left

rFire   . . .      SeeInvis .    a - +0 war axe
rCold   . . .      Faith    .    (no shield)
rNeg    . . .      Spirit   .    b - +0 leather armour
rPois   .          Reflect  .    c - +0 helmet
rElec   .          Harm     .    (no cloak)
rCorr   .          Rampage  .    (no gloves)
Will    .....                    (no boots)
Stlth   ++........               (no amulet)
HPRegen 0.08/turn                (no ring)
MPRegen 0.16/turn                (no ring)

@: no status effects
A: thin skeletal structure 1, magic regeneration, frail 1, MP-powered wands
a: no special abilities


You were on level 1 of the Dungeon.
You visited 1 branch of the dungeon, and saw 1 of its levels.

You collected 48 gold pieces.


Innate Abilities, Weirdness & Mutations

You have a somewhat thin skeletal structure. (Dex +2, Stealth+)
You regenerate magic rapidly.
You are frail. (-10% HP)
You expend magic power (3 MP) to strengthen your wands.


   Skills:
 + Level 2.9 Fighting
 + Level 3.3 Axes
 - Level 1.7 Throwing
 - Level 2.6 Dodging


You had 2 spell levels left.
You didn't know any spells.
Your spell library contained the following spells:

 Spells                   Type           Power      Damage    Failure   Level
 Necrotise                Necr           0%         1d4       45%         1
 Vampiric Draining        Necr           0%         2d6       83%         3
 Agony                    Necr           0%         N/A       100%        5

Inventory:

Hand Weapons
 a - a +0 war axe (weapon)
Missiles
 d - 3 throwing nets (quivered)
 e - a javelin
Armour
 b - a +0 leather armour (worn)
 c - a +0 helmet (worn)
Potions
 g - a potion of haste {unknown}

Dungeon Overview and Level Annotations

Branches:
Dungeon (1/15) Zot: 5027

Altars:

Shops:
D:1

[
......#.#.#####.#...#.......#
..##..#.#.#.......#.#...†...#
#.#...#.#.#.###.#.#.#.......#
#.#.#.#.#.#.# #.#.#.#.#######
... ...#.#.# #.#.#.#.#####
#.## ###.#.# #...#.#.....# #
,.#.# ####....###.#
###########.# #....#####.#
............# #@##.....#.#
#############*##'######.#.#
...# #... #.......##.#.# ...#
#... #.......##.#)# ...#
#...####.......##...# ...#
#..............###### ...#
#.............## ...#
#...........# ...#
#...........#


There were no monsters in sight!


Message History

The endoplasm hits you but does no damage.
You slash the endoplasm!
You kill the endoplasm!
Unknown command.
No target in view!
Unknown command.
A ball python comes into view.
The ball python moves out of view. 😎 HP[+5]
Your hp is fully restored (23).
Unknown command.
A ball python is nearby!
A ball python is nearby!
Unknown command.
You completely miss the ball python.
The ball python bites you but does no damage.
The ball python misses you.
You completely miss the ball python. The ball python completely misses you.
The ball python misses you.
The ball python bites you but does no damage.
The ball python grabs you.
The ball python constricts you. 😕 HP[-1]
You take 1 damage, and now have 22/23 hp.
You slash the ball python!
You kill the ball python!
Unknown command.
No target in view!
Found a robe.
Found a stone staircase leading down.
You see here a +0 short sword.
You pick up a book of Necromancy and begin reading...
You add the spells Necrotise, Vampiric Draining and Agony to your library. 😎 HP[+1]
Your hp is fully restored (23).
You open the door.
There is an open door here.
A dart slug comes into view.
A dart slug is nearby!
A dart slug is nearby!
A dart slug is nearby!
A dart slug is nearby!
A dart slug is nearby!
You slash the dart slug!
You kill the dart slug!
You have reached level 3!
Your experience leads to an increase in your attributes!
Increase (S)trength, (I)ntelligence, or (D)exterity?
You feel stronger. x2; Your demonic ancestry asserts itself...
Your bones become slightly less dense. 😎 HP[+5] MP[+1]
You now have 28 max hp (+5).
Your hp is fully restored (28).
Your mp is fully restored (3).
Key pressed, stopping explore.
A goblin comes into view. It is wielding a +0 club.
A goblin is nearby!
A goblin is nearby!
A goblin is nearby!
A goblin is nearby!
The goblin shouts!
The goblin barely misses you.
You hit the goblin.
You kill the goblin!
Unknown command.
Things that are here:
a +0 club; a goblin corpse No target in view!
Unknown command.
No target in view!
Things that are here:
a +0 club; a goblin corpse A hobgoblin comes into view.
A hobgoblin is nearby!
Unknown command.
A hobgoblin is nearby!
The hobgoblin shouts!
The hobgoblin hits you. 😕 HP[-1]
You take 1 damage, and now have 27/28 hp.
You hit the hobgoblin.
The hobgoblin hits you but does no damage.
The hobgoblin closely misses you.
Unknown command.
You slash the hobgoblin!
You kill the hobgoblin! 😎 HP[+1]
Your hp is fully restored (28).
As you open the door, it creaks loudly!
No target in view!
Unknown command.
No target in view!
Unknown command.
Really quaff the potion of mutation?
You feel extremely strange.
You feel slightly disoriented.
Your magical essence no longer links to wands of the dungeon.
You feel frail.
You feel your magical essence link to the dungeon's wands. 😎 HP[-3]
You now have 25 max hp (-3).
Are you sure you want to abandon this character and quit the game? (Confirm with "yes".)

Skill      XL: |  1 |
---------------+----+-----
Axes           | 3 |  3.3
Fighting       | |  2.9
Throwing       | |  1.7
Dodging        | |  2.6

Action                   || total
-------------------------++-------
Melee: War axe           ||    58
  Use: Potion            ||     2
       Scroll            ||     1
Armor: Leather armour    ||    25
Dodge: Dodged            ||    41

Levels and vault maps discovered:
D:1:      dpeg_arrival_stonehenge_8_columns, layout_basic,
          shapermc_ecumenical_altar_mp_vishouse, serial_shops,
          nicolae_shop_crystal, serial_park_tiny_1

Notes
Turn   | Place    | Note
-------+----------+-------------------------------------------
     0 | D:1      | ytrimaz the Demonspawn Gladiator began the quest for the
                  | Orb.
     0 | D:1      | Reached XP level 1. HP: 16/16 MP: 1/1
     0 | D:1      | magus.rc [v1.9.6]
   411 | D:1      | Reached skill level 3 in Axes
   411 | D:1      | Gained mutation: You regenerate magic rapidly. [demonic
                  | ancestry]
   411 | D:1      | Reached XP level 2. HP: 23/23 MP: 2/2
   592 | D:1      | Found Atu Pobbia's Antique Armour Shop.
   635 | D:1      | Gained mutation: You passively map a small area around you.
                  | [potion of mutation]
   635 | D:1      | Gained mutation: You expend magic power (3 MP) to
                  | strengthen your wands. [potion of mutation]
   864 | D:1      | You pick up a book of Necromancy and begin reading...
   864 | D:1      | You add the spells Necrotise, Vampiric Draining and Agony
                  | to your library.
   885 | D:1      | Gained mutation: You have a somewhat thin skeletal
                  | structure. (Dex +2, Stealth+) [demonic ancestry]
   885 | D:1      | Reached XP level 3. HP: 28/28 MP: 3/3
   951 | D:1      | Lost mutation: You passively map a small area around you.
                  | [potion of mutation]
   951 | D:1      | Lost mutation: You expend magic power (3 MP) to strengthen
                  | your wands. [potion of mutation]
   951 | D:1      | Gained mutation: You are frail. (-10% HP) [potion of
                  | mutation]
   951 | D:1      | Gained mutation: You expend magic power (3 MP) to
                  | strengthen your wands. [potion of mutation]
   952 | D:1      | Quit the game

Vanquished Creatures
  3 dart slugs (D:1)
  A bat (D:1)
  An endoplasm (D:1)
  A giant cockroach (D:1)
  5 goblins (D:1)
  2 hobgoblins (D:1)
  A kobold (D:1)
  A quokka (D:1)
  6 ball pythons (D:1)
  2 rats (D:1)
23 creatures vanquished.

Table legend:
 A = Non-vault XP
 B = Vault XP
 C = Vault XP percentage of total XP
 D = Non-vault monster count
 E = Vault monster count
 F = Vault count percentage of total count
                 A         B        C        D         E       F
            +---------+---------+-------+---------+---------+-------
      Total |      46 |       0 |   0.0 |      23 |       0 |   0.0
            +---------+---------+-------+---------+---------+-------
        D:1 |      46 |       0 |   0.0 |      23 |       0 |   0.0
            +---------+---------+-------+---------+---------+-------

Illustrated notes

Table legend:
 A = Kills in this place as a percentage of kills in entire the game.
 B = Kills by you in this place as a percentage of kills by you in the entire game.
 C = Kills by friends in this place as a percentage of kills by friends in the entire game.
 D = Other kills in this place as a percentage of other kills in the entire game.
 E = Experience gained in this place as a percentage of experience gained in the entire game.
 F = Experience gained in this place divided by the number of levels of this place that you have seen.
                   A       B       C       D       E      F
               +-------+-------+-------+-------+-------+----------------------
         Total | 100.0 | 100.0 |   N/A |   N/A | 100.0 |  46.0
       Dungeon | 100.0 | 100.0 |   N/A |   N/A | 100.0 |  46.0
               +-------+-------+-------+-------+-------+----------------------

Table legend: (Time is in decaauts)
 A = Elapsed time spent in this place.
 B = Non-inter-level travel time spent in this place.
 C = Inter-level travel time spent in this place.
 D = Time resting spent in this place.
 E = Time spent auto-exploring this place.
 F = Levels seen in this place.
 G = Mean time per level.
                   A        B        C        D        E       F      G
               +--------+--------+--------+--------+--------+-----+--------+
         Total |    972 |    972 |      0 |      0 |    784 |   1 |  972.0 |
       Dungeon |    972 |    972 |      0 |      0 |    784 |   1 |  972.0 |
               +--------+--------+--------+--------+--------+-----+--------+

Top non-repeatable levels by time:
     D:1: 972 daAuts
